 Dungeon Crawl Stone Soup version 0.31-a0-523-g071a6c1ffa (webtiles) character file.

Game seed: 2778048067307312660

187377 Newt the Spry (level 17, -1/133 HPs)
             Began as a Demonspawn Fighter on Aug 11, 2023.
             Was a High Priest of Okawaru.
             Drowned by a water elemental (5 damage)
             ... on level 4 of the Shoals.
             The game lasted 00:37:13 (25232 turns).

Newt the Spry (Demonspawn Fighter)                 Turns: 25232, Time: 00:37:14

Health: -1/133     AC: 13    Str: 34    XL:     17   Next: 45%
Magic:  0/27       EV: 35    Int:  8    God:    Okawaru [*****.]
Gold:   1790       SH: 17    Dex: 23    Spells: 34/34 levels left

rFire   . . .        j - +7 broad axe of Disembowelment {speed, rC+}
rCold   + + .        W - +3 buckler {AC+3}
rNeg    + . .        s - +1 robe of Vines {NoPotionHeal Regen++++}
rPois   .            Z - +0 helmet of Twilight {Dex+4}
rElec   .            b - +2 cloak {rCorr}
rCorr   +            K - +0 pair of gloves of Delasir {Dex+2}
SInv    +            (no boots)
Will    +....        D - amulet of Beonoh {Spirit Str+8 SInv}
Stlth   ++           H - +5 ring of evasion
HPRegen 3.62/turn    N - ring of positive energy
MPRegen 0.20/turn

%: guardian spirit
@: agile, lethally poisoned (-1 -> -1), marked, engulfed (cannot breathe)
A: claws 1, large bone plates 2, (demonic guardian 2), powered by pain 2, agile
1, cold resistance 1, low MP 1, strong 1
}: 1/15 runes: barnacled
a: Renounce Religion, Heroism, Finesse, Duel


You were on level 4 of the Shoals.
You worshipped Okawaru.
Okawaru was extremely pleased with you.
You visited 4 branches of the dungeon, and saw 26 of its levels.
You visited the Abyss 1 time.

You collected 3425 gold pieces.
You spent 1635 gold pieces at shops.

Inventory:

Hand Weapons
 j - the +7 broad axe of Disembowelment (weapon) {speed, rC+}
   (You acquired it on level 4 of the Dungeon)

   rC+:       It protects you from cold.
Missiles
 y - 40 boomerangs (quivered)
 A - 6 throwing nets
 V - 15 javelins
Armour
 b - a +2 cloak of preservation (worn)
 s - the +1 robe of Vines (worn) {NoPotionHeal Regen++++}
   (You bought it in a shop on level 1 of the Orcish Mines)

   NoPotionHeal: Its wearer cannot be healed by potions.
   Regen++++: It increases your rate of health regeneration.
 K - the +0 pair of gloves of Delasir (worn) {Dex+2}
   (Okawaru gifted it to you on level 10 of the Dungeon)

   Dex+2:     It affects your dexterity (+2).
 S - a +1 cloak of preservation
 W - a +3 buckler of protection (worn)
 Z - the +0 helmet of Twilight (worn) {Dex+4}
   (Okawaru gifted it to you on level 2 of the Lair of Beasts)

   Dex+4:     It affects your dexterity (+4).
Jewellery
 c - a ring of protection from fire
 o - a ring of protection from fire
 q - an amulet of regeneration
 D - the amulet of Beonoh (around neck) {Spirit Str+8 SInv}
   (You acquired it on level 8 of the Dungeon)

   [amulet of guardian spirit]

   Spirit:    It causes incoming damage to be divided between your reserves of
   health and magic.
   Str+8:     It affects your strength (+8).
   SInv:      It lets you see invisible.
 H - a +5 ring of evasion (left hand)
 N - a ring of positive energy (right hand)
 X - a ring of protection from fire
Wands
 u - a wand of mindburst (12)
 x - a wand of flame (26)
 Y - a wand of roots (7)
Scrolls
 a - 5 scrolls of enchant armour
 g - 2 scrolls of enchant weapon
 l - 3 scrolls of amnesia
 m - 7 scrolls of blinking
 t - a scroll of silence
 v - 4 scrolls of teleportation
 w - 6 scrolls of revelation
 F - 2 scrolls of immolation
 O - 4 scrolls of fog
 R - 5 scrolls of fear
 U - 4 scrolls of identify
Potions
 d - 2 potions of might
 f - 6 potions of lignification
 h - 6 potions of ambrosia
 i - 6 potions of enlightenment
 k - 2 potions of cancellation
 p - a potion of brilliance
 r - 3 potions of haste
 C - 13 potions of curing
 E - 2 potions of attraction
 I - 3 potions of invisibility
 J - 4 potions of heal wounds
 P - 2 potions of magic
 Q - a potion of resistance
Miscellaneous
 e - a condenser vane
 B - a phial of floods


   Skills:
 - Level 12.0 Fighting
 - Level 1.7 Short Blades
 - Level 13.9 Axes
 - Level 10.0 Throwing
 - Level 10.0 Armour
 - Level 15.0 Dodging
 - Level 11.5 Shields
 + Level 9.1 Spellcasting
 - Level 9.0 Invocations
 - Level 5.0 Evocations


You had 34 spell levels left.
You didn't know any spells.
Your spell library contained the following spells:

 Spells                   Type           Power      Damage    Failure   Level
 Apportation              Tloc           6%         N/A       19%         1
 Foxfire                  Conj/Fire      12%        2x1d4     19%         1
 Magic Dart               Conj           12%        1d3       19%         1
 Necrotise                Necr           12%        1d4       19%         1
 Shock                    Conj/Air       12%        1d3       19%         1
 Blink                    Tloc           6%         N/A       28%         2
 Lesser Beckoning         Tloc           6%         N/A       28%         2
 Momentum Strike          Conj/Tloc      6%         3d8       28%         2
 Searing Ray              Conj           6%         2d4       28%         2
 Swiftness                Air            3%         N/A       50%         3
 Airstrike                Air            1%         2d(1-17)  88%         4
 Fulminant Prism          Conj/Hex       1%         3d5       88%         4
 Passage of Golubria      Tloc           3%         N/A       88%         4
 Alistair's Intoxication  Tmut/Pois      2%         N/A       99%         5
 Borgnjor's Vile Clutch   Necr/Erth      1%         N/A       99%         5
 Yara's Violent Unravell  Hex/Tmut       1%         3d3       99%         5
 Eringya's Noxious Bog    Tmut/Pois      1%         4d6       100%        6
 Plasma Beam              Fire/Air       1%         2x1d11    100%        6
 Starburst                Conj/Fire      1%         6d3       100%        6
 Chain Lightning          Conj/Air       1%         3d2       100%        9
 Fire Storm               Conj/Fire      1%         8d1       100%        9
 Shatter                  Erth           1%         3d6*      100%        9
 Summon Small Mammal      Summ           Unusable   N/A       N/A         1
 Tukima's Dance           Hex            Unusable   N/A       N/A         3

Dungeon Overview and Level Annotations

Branches:
Dungeon (15/15)            Temple (0/1) D:4            Lair (5/5) D:10
 Shoals (4/4) Lair:2        Snake (0/4) Lair:2        Slime (0/5) Lair:4
    Orc (2/2) D:12            Elf (0/3) Orc:2        Vaults (0/5) D:14
 Depths (0/4) D:15

Altars:
Ashenzari
Fedhas
Gozag
Hepliaklqana
Makhleb
Okawaru
Qazlal
Ru
Trog
Uskayaw
Vehumet
Xom
Yredelemnul
Jiyva
Lugonu

Shops:
Orc:1 *[:   Orc:2 *[*(   Shoals:2 **

Portals:
Abyss: Lair:5

Annotations:
D:3 3 runed translucent doors, redkitty's ghost, amateur MfSh
D:15 2 transporters, Mahakala's ghost, journeyman MiBe


Innate Abilities, Weirdness & Mutations

You have sharp fingernails.
You are mostly covered in large bone plates. (SH +6)
((A demonic guardian rushes to your aid.))
You sometimes gain power by taking damage.
You are agile. (Dex +4, Str/Int -1)
Your flesh is cold resistant. (rC+)
Your magical capacity is low. (-10% MP)
Your muscles are strong. (Str +4, Int/Dex -1)


Message History

You suddenly lose the ability to move!
You focus on the pain.
You feel more agile all of a sudden.
The snapping turtle bites you from afar.
* * * LOW HITPOINT WARNING * * *
The hog bites you but does no damage.
The merfolk javelineer throws a javelin.
The javelin pierces through you!
* * * LOW HITPOINT WARNING * * *
The merfolk impaler hits you but does no damage.
A hog comes into view.
You feel very sick.
A hog comes into view.
The hog splashes around in the water.
The water elemental hits you.
* * * LOW HITPOINT WARNING * * *
The water elemental engulfs you in water!
The merfolk impaler hits you from afar with a +2 trident of venom!!
* * * LOW HITPOINT WARNING * * *
The hog bites you.
* * * LOW HITPOINT WARNING * * *
The snapping turtle bites you from afar.
* * * LOW HITPOINT WARNING * * *
The merfolk javelineer throws a javelin.
The javelin pierces through you.
* * * LOW HITPOINT WARNING * * *
You can move again.
Unknown command.
Unknown command.
Unknown command.
Unknown command.
Unknown command.
Unknown command.
Unknown command.
Unknown command.
Unknown command.
Unknown command.
Okay, then.
You cannot read scrolls while unable to breathe!
Your magical effects are unravelling.
You feel magically purged.
You die...

.....~~~ ...[
...~~~~ ~..E
~~~~~.~ ~~~~#
~~~..~~###.~~~~ m
~~~#~~#~~~~~#
...#~~~m~~~.~E~~
m....EmtE~..~m~~
######mE##########
~.h.hmh@h......~.##
..#.#~###.#...~#.~#
#.. ,.~#~~
~~......##.#
~#..#~# .
..~~~~~.#~..#..~#
~~..#.#
.~.#.~.###...#...#
~~..#.#
##.~#.~~.#......#~#
#~~.#.# ~8
#.##~#.8~#.~#.#
#~..#.#
##..~#~.....#~#
~~~.#.#~#
####..#..~.#.#.#


You could see a merfolk impaler, a merfolk javelineer, a snapping turtle, a
water elemental, 2 water nymphs, 4 hogs and 2 air elementals.

Vanquished Creatures
  Gastronok (D:8)
  The ghost of Newt the Basher, an adept GrFi of Hepliaklqana (Lair:3)
  The ghost of Yvaitil the Slicer, a journeyman DsCK of Xom (Orc:1)
  The ghost of GoodGuyCap the Black Belt, a journeyman OpMo of Jiyva (Lair:5)
  2 ettins
  5 merfolk javelineers
  8 merfolk impalers
  A merfolk avatar (Shoals:1)
  Harold (D:10)
  5 centaur warriors
  2 death knights
  6 hydras
  3 merfolk aquamancers
  27 two-headed ogres
  3 satyrs (Shoals:3)
  An alligator snapping turtle (Shoals:2)
  6 ogre magi
  16 death yaks
  3 boulder beetles
  Urug (D:12)
  A tengu warrior (D:12)
  3 thrashing horrors (Lair:5)
  4 skeletal warriors (D:12)
  8 skysharks
  Amaemon (D:11)
  7 sea snakes
  2 deep trolls (D:15)
  2 phantasmal warriors (D:12)
  A lindwurm (Lair:5)
  2 deep elf archers (D:14)
  2 deep elf zephyrmancers (D:14)
  9 harpies
  A necromancer (D:15)
  A wizard (D:14)
  21 ugly things
  4 deep elf pyromancers
  An orc sorcerer (Orc:1)
  7 fauns
  7 cyclopes
  13 manticores
  3 black mambas
  8 elephants
  2 merfolk sirens
  9 water nymphs
  A smoke demon (Lair:5)
  3 gargoyles
  16 cane toads
  An orange demon (D:11)
  Psyche (D:8)
  2 kobold demonologists (D:12)
  An efreet (D:15)
  2 rime drakes
  14 komodo dragons
  An unseen horror (D:10)
  A rime drake (shapeshifter) (D:14)
  3 freezing wraiths
  A tengu conjurer (D:15)
  2 yaktaurs
  9 trolls
  Prince Ribbit (D:8)
  24 merfolk
  A raiju (shapeshifter) (D:14)
  A queen bee (Lair:3)
  5 wind drakes
  4 meliai
  3 hornets
  5 polar bears
  21 blink frogs
  A raiju (Lair:5)
  24 dream sheep
  A snapping turtle (shapeshifter) (Lair:5)
  9 slime creatures
  10 snapping turtles
  A jumping spider (shapeshifter) (D:15)
  A spriggan (Lair:5)
  A shadow (D:13)
  4 air elementals
  A fire elemental (D:15)
  9 water elementals
  3 wyverns
  A hog (Shoals:4)
  2 wraiths (D:12)
  69 yaks
  4 ynoxinuls (Lair:5)
  10 small abominations
  A chaos spawn (Lair:5)
  10 basilisks
  Grum (D:8)
  A steam dragon (D:10)
  Edmund (D:6)
  3 nagas (Lair:2)
  2 wargs
  8 vampire mosquitoes
  3 acid dragons
  12 water moccasins
  2 ice beasts
  A black bear (shapeshifter) (D:14)
  A sky beast (D:6)
  5 black bears
  10 orc warriors
  34 ogres
  12 wolves
  3 boggarts (D:15)
  9 centaurs
  5 kobold brigands
  5 gnoll sergeants
  13 bullfrogs
  4 scorpions
  5 wights (D:8)
  15 killer bees
  5 howler monkeys
  A crimson imp (D:3)
  4 quasits (D:6)
  A gnoll bouda (D:8)
  6 hounds
  17 orc priests
  5 jellies
  Terence (D:3)
  18 orc wizards
  3 sleepcaps
  5 iguanas
  16 hell rats
  23 gnolls
  5 adders
  3 river rats (Lair:5)
  6 shadow imps (D:6)
  7 white imps
  9 ufetubi
  5 dart slugs
  71 orcs
  5 ball pythons
  10 bats
  4 endoplasms
  6 giant cockroaches
  6 goblins
  4 hobgoblins
  A jackal (D:1)
  5 quokkas
  A frilled lizard (D:1)
  18 kobolds
  12 rats
936 creatures vanquished.

Vanquished Creatures (others)
  A storm dragon (Shoals:4)
  A harpy (Shoals:4)
  A wizard (D:7)
  A cyclops (Shoals:3)
  A water elemental (Shoals:4)
  An orc wizard (D:8)
  4 tentacles (Shoals:2)
10 creatures vanquished.

Grand Total: 946 creatures vanquished

Notes
Turn   | Place    | Note
-------+----------+-------------------------------------------
     0 | D:1      | Newt the Demonspawn Fighter began the quest for the Orb.
     0 | D:1      | Reached XP level 1. HP: 18/18 MP: 1/1
   364 | D:1      | Gained mutation: You are partially covered in large bone
                  | plates. (SH +4) [demonic ancestry]
   364 | D:1      | Reached XP level 2. HP: 23/25 MP: 2/2
  1226 | D:2      | Identified the +2 ring mail "Dibag" {rCorr Int+6}
  1236 | D:2      | Reached XP level 3. HP: 30/30 MP: 3/3
  1294 | D:2      | Found a faded altar of an unknown god.
  1540 | D:2      | You fall into a shaft and drop 1 floor!
  1540 | D:3      | Found a radiant altar of Vehumet.
  1763 | D:2      | Gained mutation: You are weak. (Str -2) [potion of
                  | mutation]
  1763 | D:2      | Gained mutation: You occasionally lose the ability to read
                  | scrolls when taking damage. [potion of mutation]
  1764 | D:2      | Lost mutation: You are weak. (Str -2) [potion of mutation]
  1764 | D:2      | Lost mutation: You occasionally lose the ability to read
                  | scrolls when taking damage. [potion of mutation]
  1764 | D:2      | Gained mutation: Your magical capacity is low. (-10% MP)
                  | [potion of mutation]
  1764 | D:2      | Gained mutation: You are agile. (Dex +4, Str/Int -1)
                  | [potion of mutation]
  1764 | D:2      | Gained mutation: Your flesh is cold resistant. (rC+)
                  | [potion of mutation]
  1764 | D:2      | Gained mutation: Your muscles are strong. (Str +4, Int/Dex
                  | -1) [potion of mutation]
  2047 | D:3      | Noticed Terence
  2068 | D:3      | Killed Terence
  2069 | D:3      | Reached skill level 5 in Fighting
  2069 | D:3      | Reached XP level 4. HP: 8/39 MP: 3/3
  2130 | D:3      | Found a stormy altar of Qazlal.
  2157 | D:3      | Reached skill level 1 in Axes
  2157 | D:3      | Found a runed translucent gate.
  2158 | D:3      | Found a runed translucent gate.
  2158 | D:3      | Found a runed translucent gate.
  2158 | D:3      | Noticed redkitty's ghost (amateur MfSh)
  2316 | D:3      | Found a hazy altar of Hepliaklqana.
  2316 | D:3      | Found an iron altar of Okawaru.
  2320 | D:3      | Became a worshipper of Warmaster Okawaru
  2471 | D:3      | Found a shimmering altar of Xom.
  2471 | D:3      | Found a burning altar of Makhleb.
  2476 | D:3      | Reached XP level 5. HP: 44/44 MP: 4/4
  2696 | D:4      | Noticed a black bear
  2703 | D:4      | Killed a black bear
  2703 | D:4      | Reached * piety under Okawaru
  2704 | D:4      | Gained mutation: You are mostly covered in large bone
                  | plates. (SH +6) [demonic ancestry]
  2704 | D:4      | Reached XP level 6. HP: 51/51 MP: 5/5
  2716 | D:4      | Identified a scroll of acquirement
  2716 | D:4      | Acquired the +7 broad axe of Disembowelment {speed, rC+}
  2852 | D:4      | Found a staircase to the Ecumenical Temple.
  2992 | D:5      | Entered Level 5 of the Dungeon
  3000 | D:5      | Reached skill level 5 in Armour
  3031 | D:5      | Reached XP level 7. HP: 34/56 MP: 6/6
  3151 | D:5      | Reached ** piety under Okawaru
  3152 | D:5      | Reached skill level 5 in Axes
  3537 | D:5      | Found a basalt altar of Yredelemnul.
  3589 | D:6      | Noticed Edmund
  3609 | D:6      | Killed Edmund
  3610 | D:6      | Reached XP level 8. HP: 45/62 MP: 7/7
  3772 | D:6      | Reached *** piety under Okawaru
  4269 | D:7      | Reached XP level 9. HP: 68/68 MP: 8/8
  4490 | D:7      | Reached **** piety under Okawaru
  4491 | D:7      | Reached skill level 10 in Axes
  4581 | D:7      | Found a broken altar of Ashenzari.
  4795 | D:7      | Found a bloodstained altar of Trog.
  4796 | D:7      | Noticed a wizard
  4801 | D:7      | Killed a wizard
  5117 | D:8      | Noticed Gastronok
  5131 | D:8      | Killed Gastronok
  5253 | D:8      | Noticed Grum
  5256 | D:8      | Reached ***** piety under Okawaru
  5268 | D:8      | Gained mutation: A weak demonic guardian rushes to your
                  | aid. [demonic ancestry]
  5268 | D:8      | Reached XP level 10. HP: 77/77 MP: 9/9
  5291 | D:8      | Killed Grum
  5476 | D:8      | Noticed Prince Ribbit
  5491 | D:8      | Killed Prince Ribbit
  5584 | D:8      | Acquired the amulet of Beonoh {Spirit Str+8 SInv}
  5997 | D:8      | Noticed Psyche
  6028 | D:8      | Killed Psyche
  6515 | D:9      | Received a gift from Okawaru
  6567 | D:9      | Found a sacrificial altar of Ru.
  6660 | D:9      | Found an opulent altar of Gozag.
  7398 | D:10     | Entered Level 10 of the Dungeon
  7546 | D:10     | Gained mutation: A demonic guardian rushes to your aid.
                  | [demonic ancestry]
  7546 | D:10     | Reached XP level 11. HP: 86/86 MP: 9/9
  7714 | D:10     | Noticed a two-headed ogre
  7790 | D:10     | Killed a two-headed ogre
  7790 | D:10     | Identified the +0 pair of gloves of Delasir {Dex+2}
                  | (Okawaru gifted it to you on level 10 of the Dungeon)
  7790 | D:10     | Received a gift from Okawaru
  7873 | D:10     | Noticed a deep elf pyromancer
  7878 | D:10     | Noticed a centaur warrior
  7879 | D:10     | Killed a deep elf pyromancer
  7884 | D:10     | Killed a centaur warrior
  7913 | D:10     | Noticed a two-headed ogre
  7924 | D:10     | Killed a two-headed ogre
  7924 | D:10     | Reached ****** piety under Okawaru
  8117 | D:10     | Reached skill level 1 in Invocations
  8310 | D:10     | Noticed Harold
  8335 | D:10     | Killed Harold
  8336 | D:10     | Reached skill level 5 in Invocations
  8465 | D:10     | Found a staircase to the Lair.
  8470 | D:10     | Identified the +3 spear "Vikus" {elec, SInv}
  8770 | D:11     | Noticed Amaemon
  8780 | D:11     | Killed Amaemon
  8788 | D:11     | Identified the +5 chain mail of Pride {-Cast rCorr Slay+2}
                  | (Okawaru gifted it to you on level 11 of the Dungeon)
  8788 | D:11     | Received a gift from Okawaru
  8986 | D:11     | Reached XP level 12. HP: 86/92 MP: 16/16
  9031 | D:11     | Noticed a two-headed ogre
  9038 | D:11     | Killed a two-headed ogre
  9039 | D:11     | Reached skill level 1 in Evocations
  9749 | D:12     | Noticed a two-headed ogre
  9759 | D:12     | Killed a two-headed ogre
  9760 | D:12     | Reached skill level 5 in Evocations
 10063 | D:12     | Noticed a death knight
 10080 | D:12     | Killed a death knight
 10081 | D:12     | Noticed a two-headed ogre
 10088 | D:12     | Killed a two-headed ogre
 10098 | D:12     | Noticed a boulder beetle
 10106 | D:12     | Killed a boulder beetle
 10106 | D:12     | Identified the +4 hand axe of the Valley of Death {elec,
                  | Drain Int+4} (Okawaru gifted it to you on level 12 of the
                  | Dungeon)
 10106 | D:12     | Received a gift from Okawaru
 10443 | D:12     | Noticed a tengu warrior
 10457 | D:12     | Killed a tengu warrior
 10475 | D:12     | Noticed a boulder beetle
 10483 | D:12     | Killed a boulder beetle
 10598 | D:12     | Noticed a two-headed ogre
 10615 | D:12     | Killed a two-headed ogre
 10616 | D:12     | Reached XP level 13. HP: 70/98 MP: 12/17
 10622 | D:12     | Reached skill level 10 in Armour
 10636 | D:12     | Reached skill level 1 in Spellcasting
 10895 | D:12     | Identified the +1 helmet of Tomorrow {Int+2} (Okawaru
                  | gifted it to you on level 12 of the Dungeon)
 10895 | D:12     | Received a gift from Okawaru
 11338 | D:12     | Found a staircase to the Orcish Mines.
 11774 | D:12     | Noticed Urug
 11785 | D:12     | Killed Urug
 11786 | D:12     | Reached skill level 5 in Spellcasting
 12130 | Lair:1   | Entered Level 1 of the Lair of Beasts
 13239 | Lair:2   | Reached skill level 10 in Fighting
 13267 | Lair:2   | Found a staircase to the Shoals.
 13407 | Lair:2   | Identified the +0 helmet of Twilight {Dex+4} (Okawaru
                  | gifted it to you on level 2 of the Lair of Beasts)
 13407 | Lair:2   | Received a gift from Okawaru
 13772 | Lair:2   | Found a staircase to the Snake Pit.
 14191 | Lair:3   | Reached XP level 14. HP: 114/114 MP: 17/20
 14730 | Lair:3   | Noticed Newt's ghost (adept GrFi)
 14764 | Lair:3   | Found a transporter.
 14816 | Lair:3   | Found a transporter.
 15066 | Lair:3   | Killed Newt's ghost
 15457 | Lair:4   | Found a viscous altar of Jiyva.
 15463 | Lair:4   | Found a staircase to the Slime Pits.
 15609 | Lair:4   | Reached skill level 10 in Shields
 15734 | Lair:4   | Identified the +3 ring mail "Osicw" {*Corrode rPois MP-9
                  | Int+7} (Okawaru gifted it to you on level 4 of the Lair of
                  | Beasts)
 15734 | Lair:4   | Received a gift from Okawaru
 16167 | Lair:5   | Entered Level 5 of the Lair of Beasts
 16599 | Lair:5   | Reached skill level 1 in Throwing
 16688 | Lair:5   | Gained mutation: You sometimes gain a little power by
                  | taking damage. [demonic ancestry]
 16688 | Lair:5   | Reached XP level 15. HP: 112/120 MP: 17/21
 16864 | Lair:5   | Found a runed translucent door.
 16867 | Lair:5   | Noticed GoodGuyCap's ghost (journeyman OpMo)
 17124 | Lair:5   | Reached skill level 5 in Throwing
 17327 | Lair:5   | Received a gift from Okawaru
 17618 | Lair:5   | Acquired 611 gold pieces
 17859 | Lair:5   | Found a corrupted altar of Lugonu.
 17859 | Lair:5   | Found a one-way gate to the infinite horrors of the Abyss.
 18107 | Lair:5   | Killed GoodGuyCap's ghost
 18328 | Orc:1    | Entered Level 1 of the Orcish Mines
 18407 | Orc:1    | Found Eta Imekk's Armour Shop.
 18472 | Orc:1    | Bought the +1 robe of Vines {NoPotionHeal Regen++++} for
                  | 1120 gold pieces
 18472 | Orc:1    | Found the +1 robe of Vines {NoPotionHeal Regen++++}
 18619 | Orc:1    | Found a transporter.
 18727 | Orc:1    | Found a transporter.
 18727 | Orc:1    | Found Kouqaer's Book Boutique.
 18920 | Orc:2    | Entered Level 2 of the Orcish Mines
 18998 | Orc:2    | Found a staircase to the Elven Halls.
 19093 | Orc:2    | Identified the +0 plate armour of Coclezec {Fly rN++}
                  | (Okawaru gifted it to you on level 2 of the Orcish Mines)
 19093 | Orc:2    | Received a gift from Okawaru
 19094 | Orc:2    | Found Lutrisu's General Store.
 19094 | Orc:2    | Found Hyirchez's General Store.
 19094 | Orc:2    | Found Wacuisod's Weapon Shoppe.
 19094 | Orc:2    | Found Hipoaj's Antique Armour Shop.
 19119 | Orc:2    | Reached skill level 10 in Throwing
 19122 | Orc:2    | Reached skill level 1 in Dodging
 19123 | Orc:2    | Reached skill level 2 in Dodging
 19125 | Orc:2    | Reached skill level 3 in Dodging
 19131 | Orc:2    | Reached skill level 4 in Dodging
 19325 | Orc:2    | Reached skill level 5 in Dodging
 19432 | Orc:2    | Bought a scroll of blinking for 127 gold pieces
 19433 | Orc:2    | Bought a scroll of blinking for 97 gold pieces
 19514 | Orc:1    | Found a runed translucent gate.
 19514 | Orc:1    | Found a runed translucent gate.
 19514 | Orc:1    | Found a runed translucent gate.
 19516 | Orc:1    | Found an opulent altar of Gozag.
 19519 | Orc:1    | Found Kejuhesm's Assorted Antiques.
 19519 | Orc:1    | Noticed Yvaitil's ghost (journeyman DsCK)
 19607 | Orc:1    | Killed Yvaitil's ghost
 19608 | Orc:1    | Reached skill level 6 in Dodging
 20063 | D:14     | Reached skill level 7 in Dodging
 20063 | Abyss:3  | Cast into level 3 of the Abyss (a wizard)
 20068 | Abyss:3  | Found a corrupted altar of Lugonu.
 20108 | D:14     | Escaped the Abyss
 20130 | D:14     | Found a gate to the Vaults.
 20167 | D:14     | Identified the +1 ring mail "Fukiqyarem" {Fly rF+}
 20254 | D:14     | Gained mutation: You have sharp fingernails. [demonic
                  | ancestry]
 20254 | D:14     | Reached XP level 16. HP: 127/127 MP: 22/22
 20288 | D:14     | Reached skill level 8 in Dodging
 20586 | D:14     | Reached skill level 9 in Dodging
 20664 | D:14     | Received a gift from Okawaru
 20710 | D:14     | Identified the +0 lajatang "Pebrea Boihu" {drain, rElec rC+
                  | Str-4}
 20939 | D:15     | Entered Level 15 of the Dungeon
 20949 | D:15     | Reached skill level 10 in Dodging
 20972 | D:15     | Reached skill level 11 in Dodging
 21077 | D:15     | Found a transporter.
 21090 | D:15     | Noticed Mahakala's ghost (journeyman MiBe)
 21097 | D:15     | Received a gift from Okawaru
 21239 | D:15     | Found a transporter.
 21286 | D:15     | Received a gift from Okawaru
 21349 | D:15     | Reached skill level 12 in Dodging
 21404 | D:15     | Found a hide-covered altar of Uskayaw.
 21466 | D:15     | Received a gift from Okawaru
 21543 | D:15     | Found a staircase to the Depths.
 21939 | Shoals:1 | Entered Level 1 of the Shoals
 22152 | Shoals:1 | Identified the +0 cloak of Okawaru's Approval {Str+3}
                  | (Okawaru gifted it to you on level 1 of the Shoals)
 22152 | Shoals:1 | Received a gift from Okawaru
 22154 | Shoals:1 | Reached skill level 13 in Dodging
 23090 | Shoals:2 | Found a blossoming altar of Fedhas.
 23107 | Shoals:2 | Noticed a kraken
 23191 | Shoals:2 | Found Ymeblous's Mass Market.
 23267 | Shoals:2 | Reached skill level 14 in Dodging
 23447 | Shoals:2 | Noticed a kraken
 23474 | Shoals:2 | Found Sikhlomm's General Store.
 23482 | Shoals:2 | Bought a +1 cloak of preservation for 181 gold pieces
 23482 | Shoals:2 | Bought a potion of heal wounds for 55 gold pieces
 23482 | Shoals:2 | Bought a potion of heal wounds for 55 gold pieces
 23662 | Shoals:3 | Identified the +1 robe "Kiutiomi" {Will+ Regen+ Stlth-}
 23834 | Shoals:3 | Gained mutation: You sometimes gain power by taking damage.
                  | [demonic ancestry]
 23834 | Shoals:3 | Reached XP level 17. HP: 128/133 MP: 21/23
 24079 | Shoals:3 | Reached skill level 15 in Dodging
 24084 | Shoals:3 | Received a gift from Okawaru
 24333 | Shoals:4 | Entered Level 4 of the Shoals
 24706 | Shoals:4 | Paralysed by an air elemental for 1 turns
 24716 | Shoals:4 | Paralysed by an air elemental for 1 turns
 25046 | Shoals:4 | Identified the +4 ring mail "Fuutsar" {Harm +Blink Int+4
                  | Slay-2}
 25091 | Shoals:4 | Got a barnacled rune of Zot
 25167 | Shoals:4 | Identified the staff "Ipayn" {rPois Earth}
 25211 | Shoals:4 | Paralysed by an air elemental for 1 turns
 25230 | Shoals:4 | Paralysed by an air elemental for 1 turns
 25231 | Shoals:4 | HP: 4/133 [merfolk javelineer/javelin (3)]
 25232 | Shoals:4 | Drowned by a water elemental

Illustrated notes

Levels and vault maps discovered:
D:1:      minmay_arrival_five_plusses, layout_basic, minmay_tromino_mix6
D:2:      layout_basic, shapermc_ecumenical_altar_acropolis
D:3:      layout_rooms, grunt_temple_overflow_champion_of_chaos,
          mainiacjoe_overflow_six_doors_small,
          mainiacjoe_overflow_cross_hatched, gammafunk_temple_overflow_wave,
          ebering_ghost_rock_garden, uniq_terence
D:4:      layout_rooms, minmay_temple_entry_enclosed_plants
D:5:      layout_gridville, kennysheep_mini_moat
D:6:      layout_cave_pools, serial_demonic, serial_demonic_b, serial_demonic_f,
          serial_demonic_f, serial_demonic_b, serial_demonic_g,
          serial_demonic_d, serial_demonic_g, serial_demonic_b,
          serial_demonic_f, serial_demonic_d,
          nicolae_concentric_dashed_squares_wild, reono_crystal_passage,
          uniq_edmund
D:7:      layout_basic, nicolae_overflow_hidden_temple, trog_wizard
D:8:      layout_basic, uniq_gastronok, uniq_psyche, uniq_prince_ribbit1,
          uniq_grum
D:9:      layout_loops_corners, grunt_gozag_statues,
          nicolae_ru_great_annihilating_truth
D:10:     layout_loops_ring, erik_lair_dragon, minmay_ruined_shrine, uniq_harold
D:11:     layout_basic, kennysheep_boxes, uniq_amaemon
D:12:     minmay_imperfect_grid, layout_long_grid, david_orc_5, uniq_urug
D:13:     minmay_inside_and_out, layout_basic
D:14:     minmay_stepped, layout_layer_cave, david_vaults_4, amethyst_killhole
D:15:     hangedman_depths_entry_civil_slaughter, layout_irregular_city,
          gammafunk_ghost_stat_death, nicolae_uskayaw_suspiria
Lair:1:   layout_layer_cave, st_stairs_10
Lair:2:   layout_chaotic_city, minmay_shoals_entry_beasts,
          minmay_snake_entry_guardpost_small, minmay_hedge_maze, st_stairs_5,
          grunt_megastairs_2, lemuel_fruit_tree
Lair:3:   layout_gridlike, gammafunk_ghost_hive, beast_lair_carwin_11
Lair:4:   wander_river, layout_cave_shapes, minmay_slime_entry_pillars
Lair:5:   hellmonk_lair_end_abyssal_woods, layout_loops_ring,
          gammafunk_ghost_grave, kennysheep_abandoned_house,
          serial_bayou_shore_b
Shoals:1: layout_shoals
Shoals:2: layout_shoals, serial_shops, shop, minmay_shop_mass,
          wheals_shoals_ruined_temple
Shoals:3: layout_shoals
Shoals:4: shoals_end_hellmonk_storm_palace [storm_palace_center_ruins,
          storm_palace_corner_grid, storm_palace_corner_grid,
          storm_palace_corner_pillars, storm_palace_corner_altar], uniq_kirke
Orc:1:    layout_caves, serial_shops, nicolae_shop_drivethru, shop_statue,
          ebering_ghost_gozag, basic_altar, rock_pile
Orc:2:    st_orc_ogre_mass, layout_caves, mines2_lemuel

Skill      XL: |  1  2  3  4  5  6  7  8  9 10 11 12 13 14 15 16 17 |
---------------+----------------------------------------------------+-----
Fighting       | 4 5 6 8 11 12 | 12.0
Axes           | 2 3 6 9 10 12 13 | 13.9
Armour         | 4 5 9 10 | 10.0
Shields        | 6 11 | 11.5
Invocations    | 8 9 |  9.0
Evocations     | 5 |  5.0
Spellcasting   | 6 9 |  9.1
Throwing       | 3 10 | 10.0
Dodging        | 7 14 15 | 15.0
Short Blades   | |  1.7

Action                     |  1- 3 |  4- 6 |  7- 9 | 10-12 | 13-15 | 16-18 || total
---------------------------+-------+-------+-------+-------+-------+-------++-------
  Melee: Rapier            |    80 |       |       |       |       |       ||    80
         Spear             |    10 |       |       |       |       |       ||    10
         Hand axe          |    38 |    69 |       |       |       |       ||   107
         Broad axe         |       |    33 |   219 |   485 |  1146 |   892 ||  2775
         Unarmed           |       |       |       |    28 |       |       ||    28
  Throw: Boomerang         |       |       |       |     1 |    15 |    43 ||    59
         Javelin           |       |       |       |       |       |     1 ||     1
 Invoke: Heroism           |       |       |       |     5 |     9 |     4 ||    18
         Finesse           |       |       |       |     2 |     3 |     2 ||     7
  Evoke: Wand              |       |       |       |       |    16 |     2 ||    18
         Condenser vane    |       |       |       |       |     1 |     1 ||     2
    Use: Scroll            |     6 |     5 |     2 |    12 |     6 |     1 ||    32
         Potion            |     4 |       |     2 |     6 |       |     1 ||    13
   Stab: Sleeping          |       |       |       |     5 |       |     5 ||    10
         Paralysed         |       |       |       |     1 |       |       ||     1
         Distracted        |       |       |       |     1 |     2 |     1 ||     4
 Armour: Scale mail        |    51 |       |       |       |       |       ||    51
         Ring mail         |     8 |    26 |    51 |    18 |       |       ||   103
         Troll leather arm |       |       |       |    42 |       |       ||    42
         Skin              |       |       |       |     9 |       |       ||     9
         Chain mail        |       |       |       |    63 |   321 |       ||   384
         Robe              |       |       |       |       |    18 |    88 ||   106
  Dodge: Dodged            |    54 |    44 |    60 |   136 |   223 |   505 ||  1022
  Block: Buckler           |    66 |    53 |    91 |   254 |   658 |   633 ||  1755

Table legend: (Time is in decaauts)
 A = Elapsed time spent in this place.
 B = Non-inter-level travel time spent in this place.
 C = Inter-level travel time spent in this place.
 D = Time resting spent in this place.
 E = Time spent auto-exploring this place.
 F = Levels seen in this place.
 G = Mean time per level.
                   A        B        C        D        E       F      G
               +--------+--------+--------+--------+--------+-----+--------+
         Total |  24442 |  22863 |   1579 |   2138 |  16266 |  27 |  905.3 |
       Dungeon |  14122 |  13079 |   1043 |   1428 |   9349 |  15 |  941.5 |
          Lair |   5771 |   5520 |    251 |    283 |   4228 |   5 | 1154.2 |
        Shoals |   3198 |   3082 |    116 |    392 |   1756 |   4 |  799.5 |
  Orcish Mines |   1306 |   1139 |    167 |     34 |    901 |   2 |  653.0 |
         Abyss |     44 |     44 |      0 |      0 |     31 |   1 |   44.0 |
               +--------+--------+--------+--------+--------+-----+--------+

Top non-repeatable levels by time:
    D:12: 2281 daAuts
  Lair:5: 1848 daAuts
    D:10: 1474 daAuts
     D:8: 1271 daAuts
     D:1: 1212 daAuts
  Lair:3: 1097 daAuts
    D:11: 1046 daAuts
     D:9: 1038 daAuts
Shoals:3: 1037 daAuts
  Lair:4: 968 daAuts
    D:14: 956 daAuts
  Lair:1: 950 daAuts
  Lair:2: 906 daAuts
Shoals:1: 892 daAuts
     D:7: 820 daAuts
